 Dungeon Crawl Stone Soup version 0.24-a0-486-ged8816983f (console) character file.

Game seed: 18194160529399056465

112535 nht the Brawler (level 16, 0/161 HPs)
             Began as a Troll Fighter on July 8, 2019.
             Was the Champion of Okawaru.
             Succumbed to a naga warrior's splash of poison
             ... on level 1 of the Snake Pit on July 9, 2019.
             The game lasted 00:47:33 (20669 turns).

nht the Brawler (Troll Fighter)                    Turns: 20669, Time: 00:47:33

Health: 0/161      AC: 20    Str: 32    XL:     16   Next: 12%
Magic:  1/22       EV: 12    Int:  5    God:    Okawaru [******]
Gold:   2966       SH: 18    Dex:  9    Spells: 15/15 levels left

rFire    + + .     SeeInvis .     - Unarmed
rCold    . . .     Gourm    +   Q - +4 shield "Meikeun" {+Blink MR+ rCorr}
rNeg     . . .     Faith    +   I - +0 fire dragon scales
rPois    .         Spirit   +   x - +2 hat
rElec    .         Reflect  .   B - scarf {Spirit}
rCorr    +         Harm     .   (gloves unavailable)
MR       ++...                  (boots unavailable)
Stlth    +.........             h - amulet of faith
HPRegen  0.76/turn              w - ring of protection from cold
MPRegen  0.18/turn              q - +4 ring of evasion

@: lethally poisoned (0 -> 0), heroism, constricted
A: large, unfitting armour, claws 3, thin metallic scales 1, fast metabolism 3,
gourmand, regeneration 1, shaggy fur 1, tough skin 3, MP-powered wands
a: Heroism, Finesse, Renounce Religion, Evoke Blink


You were on level 1 of the Snake Pit.
You worshipped Okawaru.
Okawaru was exalted by your worship.
You were very full.

You visited 4 branches of the dungeon, and saw 24 of its levels.

You collected 3877 gold pieces.
You spent 911 gold pieces at shops.

Inventory:

Hand Weapons
 k - the +11 mace of Havoc {pain, rElec rC+}
   (You found it on level 4 of the Dungeon)

   In the hands of one skilled in necromantic magic, it inflicts extra damage on
   living creatures.
   It protects you from cold.
   It insulates you from electricity.
 v - the +9 arbalest "Ynojim" {penet, rN++ Str+4 Int-3}
   (You found it on level 2 of the Lair of Beasts)

   Ammo fired by it will pass through the targets it hits, potentially hitting
   all targets in its path until it reaches maximum range.
   It affects your strength (+4).
   It affects your intelligence (-3).
   It greatly protects you from negative energy.
 F - the +4 mace of the Vendetta {venom, rElec rPois Str+4 Int+3}
   (You found it on level 7 of the Dungeon)

   It poisons the flesh of those it strikes.
   It affects your strength (+4).
   It affects your intelligence (+3).
   It insulates you from electricity.
   It protects you from poison.
Missiles
 i - 37 poisoned darts
 s - 40 large rocks
 y - 24 atropa-tipped darts
 O - 15 curare-tipped darts
 R - 12 javelins
 S - 14 silver javelins
 T - 16 boomerangs (quivered)
 Y - 3 silver boomerangs
Armour
 x - a +2 hat (worn)
 z - +2 ice dragon scales
 B - a scarf of spirit shield (worn)
 I - +0 fire dragon scales (worn)
 Q - the +4 shield "Meikeun" (worn) {+Blink MR+ rCorr}
   (Okawaru gifted it to you on level 1 of the Lair of Beasts)

   It affects your resistance to hostile enchantments.
   It lets you blink.
   It provides partial protection from all sources of acid and corrosion.
Jewellery
 h - an amulet of faith (around neck)
 q - a +4 ring of evasion (right claw)
 w - a ring of protection from cold (left claw)
 U - an uncursed ring of protection from cold
 V - an uncursed ring of positive energy
 W - an uncursed amulet of regeneration
Wands
 D - a wand of disintegration (21)
 K - a wand of digging (8)
 N - a wand of enslavement (16)
Scrolls
 b - 7 scrolls of identify
 j - 3 scrolls of fog
 p - 2 scrolls of magic mapping
 t - 9 scrolls of remove curse
 u - 4 scrolls of blinking
 A - 3 scrolls of immolation
 E - 2 scrolls of enchant weapon
 J - 10 scrolls of teleportation
 P - 3 scrolls of fear
 X - 5 scrolls of enchant armour
Potions
 a - 3 potions of brilliance
 c - 4 potions of might
 e - 3 potions of haste
 f - 4 potions of heal wounds
 g - 15 potions of curing
 l - a potion of mutation
 m - 7 potions of cancellation
 n - a potion of magic
 r - 6 potions of flight
 C - 2 potions of lignification
 G - 3 potions of resistance
 H - 3 potions of agility
Miscellaneous
 L - 2 sacks of spiders
Comestibles
 d - 41 rations


   Skills:
 + Level 10.6(15.6) Fighting
 + Level 11.2(16.2) Throwing
 + Level 6.8(11.8) Armour
 - Level 2.4(7.4) Dodging
 - Level 9.0(14.0) Shields
 * Level 16.5(21.5) Unarmed Combat
 - Level 10.2 Invocations


You had 15 spell levels left.
You didn't know any spells.
Your spell library contained the following spells:

 Spells                   Type           Power        Failure   Level  Hunger
 Animate Skeleton         Necr           N/A          71%         1    ##.....
 Beastly Appendage        Tmut           #.....       71%         1    ##.....
 Confusing Touch          Hex            #.....       71%         1    ##.....
 Magic Dart               Conj           #...         71%         1    ##.....
 Pain                     Necr           #...         71%         1    ##.....
 Sandblast                Erth           #.....       71%         1    ##.....
 Blink                    Tloc           N/A          83%         2    ###....
 Corpse Rot               Necr           N/A          83%         2    ###....
 Passwall                 Tmut/Erth      #.......     83%         2    ###....
 Poisonous Vapours        Pois/Air       #.....       83%         2    ###....
 Searing Ray              Conj           #.....       83%         2    ###....
 Shroud of Golubria       Chrm/Tloc      #.....       83%         2    ###....
 Sticks to Snakes         Tmut           #.......     83%         2    ###....
 Sublimation of Blood     Necr           #.........   83%         2    ###....
 Confuse                  Hex            #.......     97%         3    ####...
 Conjure Flame            Conj/Fire      #.......     97%         3    ####...
 Dazzling Spray           Conj/Hex       #.....       97%         3    ####...
 Gell's Gravitas          Tloc           #.........   97%         3    ####...
 Lesser Beckoning         Tloc           #.........   97%         3    ####...
 Mephitic Cloud           Conj/Pois/Air  #.......     97%         3    ####...
 Regeneration             Chrm/Necr      #.........   97%         3    ####...
 Spider Form              Tmut/Pois      #.........   97%         3    ####...
 Stone Arrow              Conj/Erth      #.....       97%         3    ####...
 Teleport Other           Tloc           #.......     97%         3    ####...
 Vampiric Draining        Necr           #.........   97%         3    ####...
 Animate Dead             Necr           N/A          100%        4    #####..
 Force Lance              Conj/Tloc      #.......     100%        4    #####..
 Fulminant Prism          Conj/Hex       #.........   100%        4    #####..
 Ice Form                 Ice/Tmut       #.......     100%        4    #####..
 Iskenderun's Mystic Bla  Conj           #.......     100%        4    #####..
 Passage of Golubria      Tloc           N/A          100%        4    #####..
 Petrify                  Tmut/Erth      #.......     100%        4    #####..
 Summon Lightning Spire   Summ/Air       #.......     100%        4    #####..
 Agony                    Necr           #.......     100%        5    ######.
 Blade Hands              Tmut           #.........   100%        5    ######.
 Bolt of Draining         Conj/Necr      #.........   100%        5    ######.
 Dispel Undead            Necr           #.......     100%        5    ######.
 Excruciating Wounds      Chrm/Necr      #.........   100%        5    ######.
 Lee's Rapid Deconstruct  Erth           #.........   100%        5    ######.
 Metabolic Englaciation   Hex/Ice        #.........   100%        5    ######.
 Silence                  Hex/Air        #.........   100%        5    ######.
 Yara's Violent Unravell  Hex/Tmut       #.........   100%        5    ######.
 Conjure Ball Lightning   Conj/Air       #.........   100%        6    #######
 Deflect Missiles         Chrm/Air       #.........   100%        6    #######
 Freezing Cloud           Conj/Ice/Air   #.........   100%        6    #######
 Ring of Flames           Chrm/Fire      #.........   100%        7    #######
 Tornado                  Air            #.........   100%        9    #######


Dungeon Overview and Level Annotations

Branches:
Dungeon (15/15)            Temple (0/1) D:7            Lair (6/6) D:10
  Swamp (0/4) Lair:3        Snake (1/4) Lair:2        Slime (0/5) Lair:5
    Orc (2/2) D:9             Elf (0/3) Orc:2        Vaults (0/5) D:14
 Depths (0/5) D:15

Altars:
Ashenzari
Elyvilon
Hepliaklqana
Kikubaaqudgha
Makhleb
Okawaru
Ru
Trog
Uskayaw
Vehumet
Wu Jian
Xom
Yredelemnul
Beogh

Shops:
D:5 =   D:8 !   Orc:2 (*:*[::[

Portals:
Hell: Lair:6


Innate Abilities, Weirdness & Mutations

You are too large for most types of armour.
You have claws for hands.
Your metabolism is lightning-fast.
You like to eat raw meat.
Your natural rate of healing is unusually fast.
You are covered in fur. (AC +1)
You have extremely tough skin. (AC +3)
You are partially covered in thin metallic scales. (AC +2)
You expend magic power (3 MP) to strengthen your wands.


Message History

You mangle the shock serpent!!
You kill the shock serpent!
Okawaru accepts your kill.
The air sparks with electricity, shocking you!
* * * LOW HITPOINT WARNING * * *
You feel sick. You block the naga warrior's attack.
The naga warrior constricts you.
You claw the naga warrior!
The naga warrior is heavily wounded.
You scratch the naga warrior but do no damage.
The naga warrior is heavily wounded.
The naga warrior spits poison at you. You block the splash of poison.
* * * LOW HITPOINT WARNING * * *
The naga warrior constricts you. The naga warrior blocks your attack.
The naga warrior is heavily wounded.
The naga warrior blocks your attack.
The naga warrior is heavily wounded.
You die...

.........................
.........█..............
)........███........█
.........█ █████....██
...(......█ ███...███
(...........████
██....███ .......
.......████.....███
......
......N.███.......█
....██
.......@█..........


█████ ................... ................... █ ................... ..
................... ... ................... ███ ..........█........
..........██...... ....!....█ █.... You could see a naga warrior.

Vanquished Creatures
  Jorgrun (D:15)
  2 orc warlords
  Nessos (Lair:5)
  An ettin (D:15)
  Snorg (Lair:4)
  Josephine (Lair:5)
  The ghost of Phong the Destroyer, a journeyman OpVM of Sif Muna (Lair:4)
  5 hydras
  2 catoblepae
  6 two-headed ogres
  2 anacondas (Snake:1)
  3 centaur warriors
  11 death yaks
  A tengu warrior (D:15)
  5 orc high priests
  A spriggan (Lair:3)
  A shock serpent (Snake:1)
  Nergalle (Lair:4)
  A sixfirhy (Lair:6)
  4 sea snakes (Snake:1)
  4 skeletal warriors (D:15)
  An unseen horror (D:12)
  2 wizards
  2 naga ritualists (Snake:1)
  A lindwurm (Lair:5)
  4 orc knights (Orc:2)
  5 mana vipers (Snake:1)
  7 orc sorcerers
  2 deep elf magi
  A manticore (D:15)
  A wolf spider (D:9)
  2 ugly things
  5 cyclopes
  5 oklob plants (Lair:5)
  3 salamanders (Snake:1)
  2 slime creatures (D:14)
  9 elephants (Lair:5)
  2 rust devils (D:8)
  12 black mambas
  2 naga magi (Snake:1)
  2 gargoyles
  3 orange demons (Lair:6)
  A centaur skeleton (D:14)
  11 spiny frogs
  2 yaktaurs
  6 rime drakes
  10 komodo dragons
  An ice devil (Lair:6)
  A hellwing (Lair:6)
  6 polar bears
  4 tengu conjurers
  A red devil (Lair:6)
  10 trolls
  A raiju (shapeshifter) (D:14)
  6 hornets
  9 blink frogs
  A harpy skeleton (D:15)
  7 dream sheep (Lair:6)
  11 hippogriffs
  2 vampires
  6 wraiths
  A wyvern (D:13)
  6 basilisks
  34 yaks
  A hungry ghost (D:9)
  A steam dragon (D:15)
  3 vampire mosquitoes (D:12)
  8 nagas
  An acid dragon (D:13)
  A soldier ant (D:8)
  8 wargs
  4 hell hounds (Lair:6)
  Duvessa (D:7)
  11 water moccasins
  12 porcupines
  An eye of draining (D:13)
  An ice beast (shapeshifter) (D:9)
  A black bear (D:10)
  38 orc warriors
  8 ice beasts
  16 ogres
  5 phantoms
  28 wolves (Lair:3)
  11 centaurs
  15 crocodiles
  2 big kobolds
  21 bullfrogs
  A wyvern skeleton (D:13)
  Dowan (D:7)
  13 killer bees
  6 scorpions
  6 electric eels
  7 howler monkeys
  7 wights
  4 bullfrog zombies
  6 crimson imps
  A quasit (D:8)
  4 centaur zombies
  14 orc priests
  7 hounds
  6 jellies
  15 orc wizards
  Crazy Yiuf (D:7)
  5 bullfrog skeletons
  4 iguanas
  Natasha (thrice) (D:3)
  8 worker ants
  A hound skeleton (D:5)
  2 worker ant zombies
  3 gnolls (D:10)
  20 adders
  A shadow imp (D:11)
  A white imp (D:7)
  An ooze (D:3)
  An adder skeleton (D:9)
  2 worms
  A dart slug (D:1)
  4 leopard geckos
  91 orcs
  4 ball pythons
  2 bats (D:3)
  4 giant cockroaches
  2 hobgoblins
  10 jackals
  9 quokkas
  2 frilled lizards
  6 goblins
  14 kobolds
  A leopard gecko skeleton (D:5)
  A quokka zombie (D:8)
  5 rats
  A spectral orc (D:4)
771 creatures vanquished.

Vanquished Creatures (collateral kills)
  A jelly (D:9)
1 creature vanquished.

Vanquished Creatures (others)
  A two-headed ogre (D:13)
  A hippogriff (Lair:5)
  A quokka (D:5)
  20 fungi
  15 plants
38 creatures vanquished.

Grand Total: 810 creatures vanquished

Notes
Turn   | Place    | Note
-------+----------+-------------------------------------------
     0 | D:1      | nht the Troll Fighter began the quest for the Orb.
     0 | D:1      | Reached XP level 1. HP: 22/22 MP: 0/0
   184 | D:1      | Reached XP level 2. HP: 29/29 MP: 1/1
   876 | D:2      | Found a hide-covered altar of Uskayaw.
  1050 | D:2      | Reached XP level 3. HP: 34/36 MP: 2/2
  1290 | D:2      | Found an iron altar of Okawaru.
  1291 | D:2      | Found a radiant altar of Vehumet.
  1291 | D:2      | Found a shattered altar of Ashenzari.
  1291 | D:2      | Found an ornate altar of the Wu Jian Council.
  1298 | D:2      | Found a sacrificial altar of Ru.
  1298 | D:2      | Found an ancient bone altar of Kikubaaqudgha.
  1308 | D:2      | Became a worshipper of Warmaster Okawaru
  1395 | D:2      | Reached skill level 1 in Throwing
  1445 | D:2      | Reached skill level 3 in Unarmed Combat
  1568 | D:3      | Reached XP level 4. HP: 34/44 MP: 3/3
  1651 | D:3      | Reached skill level 1 in Invocations
  1682 | D:3      | Reached * piety under Okawaru
  1725 | D:3      | Noticed Natasha
  1732 | D:3      | Killed Natasha
  1732 | D:3      | Reached XP level 5. HP: 40/52 MP: 4/4
  1783 | D:3      | Noticed Natasha
  1788 | D:3      | Killed Natasha
  1872 | D:3      | Found a bloodstained altar of Trog.
  2231 | D:3      | Noticed Natasha
  2244 | D:3      | Killed Natasha
  2468 | D:4      | Reached skill level 4 in Unarmed Combat
  2468 | D:4      | Reached XP level 6. HP: 61/61 MP: 6/6
  2724 | D:4      | Found a basalt altar of Yredelemnul.
  3009 | D:4      | Got an ancient mace
  3010 | D:4      | Identified the +11 mace of Havoc {pain, rElec rC+} (You
                  | found it on level 4 of the Dungeon)
  3019 | D:5      | Entered Level 5 of the Dungeon
  3099 | D:5      | Found a white marble altar of Elyvilon.
  3172 | D:5      | Found a hazy altar of Hepliaklqana.
  3248 | D:5      | Reached ** piety under Okawaru
  3265 | D:5      | Found Piasoschu's Jewellery Shoppe.
  3315 | D:5      | Reached XP level 7. HP: 64/67 MP: 4/7
  3614 | D:5      | Reached skill level 5 in Unarmed Combat
  4722 | D:7      | Reached *** piety under Okawaru
  4735 | D:7      | Reached XP level 8. HP: 36/78 MP: 9/9
  4797 | D:7      | Reached skill level 6 in Unarmed Combat
  4798 | D:7      | Identified a scroll of acquirement
  4848 | D:7      | Noticed Dowan
  4848 | D:7      | Noticed Duvessa
  4854 | D:7      | Killed Dowan
  4860 | D:7      | Killed Duvessa
  5139 | D:7      | Noticed a hippogriff
  5148 | D:7      | Reached **** piety under Okawaru
  5151 | D:7      | Killed a hippogriff
  5151 | D:7      | Reached skill level 7 in Unarmed Combat
  5169 | D:7      | Found a staircase to the Ecumenical Temple.
  5235 | D:7      | Found a runed translucent door.
  5236 | D:7      | Noticed Crazy Yiuf
  5322 | D:7      | Killed Crazy Yiuf
  5326 | D:7      | Got a transparent mace
  5331 | D:7      | Identified the +4 mace of the Vendetta {venom, rElec rPois
                  | Str+4 Int+3} (You found it on level 7 of the Dungeon)
  5361 | D:8      | Reached XP level 9. HP: 85/85 MP: 10/10
  5407 | D:8      | Found a shimmering altar of Xom.
  5450 | D:8      | Found Reroumuo's Distillery.
  5467 | D:8      | Bought a potion of haste for 100 gold pieces
  5467 | D:8      | Bought a potion of heal wounds for 50 gold pieces
  5467 | D:8      | Bought a potion of resistance for 100 gold pieces
  5467 | D:8      | Bought a potion of heal wounds for 50 gold pieces
  5467 | D:8      | Bought a potion of agility for 40 gold pieces
  5467 | D:8      | Bought a potion of degeneration for 10 gold pieces
  5575 | D:8      | Reached ***** piety under Okawaru
  5577 | D:8      | Reached skill level 5 in Shields
  5598 | D:8      | Reached skill level 5 in Fighting
  5745 | D:8      | Reached skill level 8 in Unarmed Combat
  5753 | D:8      | Paralysed by a hornet for 3 turns
  6019 | D:9      | Reached skill level 5 in Throwing
  6055 | D:9      | Received a gift from Okawaru
  6059 | D:9      | Got an ancient hunting sling {god gift}
  6060 | D:9      | Identified the +4 hunting sling of Defiance {flame, Str+6
                  | Int-4} (Okawaru gifted it to you on level 9 of the Dungeon)
  6120 | D:9      | Reached skill level 5 in Invocations
  6125 | D:9      | Reached XP level 10. HP: 45/96 MP: 10/12
  6150 | D:9      | Found a roughly hewn altar of Beogh.
  6150 | D:9      | Found a staircase to the Orcish Mines.
  6247 | D:9      | Reached skill level 9 in Unarmed Combat
  6462 | D:9      | Noticed a two-headed ogre
  6468 | D:9      | Killed a two-headed ogre
  6468 | D:9      | Received a gift from Okawaru
  6542 | D:9      | Noticed a wolf spider
  6543 | D:9      | Noticed a catoblepas
  6549 | D:9      | Killed a wolf spider
  6555 | D:9      | Killed a catoblepas
  6555 | D:9      | Received a gift from Okawaru
  6555 | D:9      | Reached ****** piety under Okawaru
  6555 | D:9      | Reached skill level 10 in Unarmed Combat
  6581 | D:9      | Reached XP level 11. HP: 79/105 MP: 8/14
  6766 | D:9      | Received a gift from Okawaru
  6830 | D:9      | Received a gift from Okawaru
  7195 | D:8      | Got a sapphire morningstar
  7280 | D:8      | Bought a potion of cancellation for 80 gold pieces
  7280 | D:8      | Bought a potion of resistance for 100 gold pieces
  7280 | D:8      | Bought a potion of cancellation for 80 gold pieces
  7317 | D:10     | Entered Level 10 of the Dungeon
  7381 | D:10     | Noticed a two-headed ogre
  7392 | D:10     | Killed a two-headed ogre
  7440 | D:10     | Identified the +1 morningstar "Zoruxen" {crush, rElec} (You
                  | found it on level 8 of the Dungeon)
  7573 | D:10     | Found a staircase to the Lair.
  7722 | D:10     | Noticed a two-headed ogre
  7731 | D:10     | Killed a two-headed ogre
  7731 | D:10     | Reached skill level 11 in Unarmed Combat
  8230 | Orc:1    | Entered Level 1 of the Orcish Mines
  8322 | Orc:2    | Entered Level 2 of the Orcish Mines
  8357 | Orc:2    | Received a gift from Okawaru
  8509 | Orc:2    | Found a roughly hewn altar of Beogh.
  8601 | Orc:1    | Noticed an orc high priest
  8605 | Orc:1    | Noticed an orc sorcerer
  8611 | Orc:1    | Killed an orc high priest
  8613 | Orc:1    | Killed an orc sorcerer
  8614 | Orc:1    | Noticed an orc warlord
  8635 | Orc:1    | Received a gift from Okawaru
  8653 | Orc:1    | Killed an orc warlord
  8653 | Orc:1    | Received a gift from Okawaru
  8653 | Orc:1    | Reached XP level 12. HP: 94/118 MP: 12/16
  8801 | Orc:1    | Noticed an orc high priest
  8836 | Orc:1    | Killed an orc high priest
  9064 | Orc:2    | Received a gift from Okawaru
  9159 | Orc:2    | Found Anwet's Antique Armour Boutique.
  9178 | Orc:2    | Found a staircase to the Elven Halls.
  9215 | Orc:2    | Reached skill level 12 in Unarmed Combat
  9226 | Orc:2    | Found Yjathrug's General Store.
  9237 | Orc:2    | Bought a potion of agility for 40 gold pieces
  9335 | Orc:2    | Noticed an orc high priest
  9340 | Orc:2    | Found Ynigebes's Book Shoppe.
  9345 | Orc:2    | Killed an orc high priest
  9421 | Orc:2    | Found Xyutih's Antique Weapon Shop.
  9423 | Orc:2    | Noticed an orc warlord
  9452 | Orc:2    | Killed an orc warlord
  9462 | Orc:2    | Noticed an orc high priest
  9471 | Orc:2    | Killed an orc high priest
  9532 | Orc:2    | Found Dyfept's Assorted Antiques.
  9572 | Orc:2    | Bought a fizzy inky potion for 21 gold pieces
  9572 | Orc:2    | Bought a scroll of identify for 48 gold pieces
  9699 | Orc:2    | Received a gift from Okawaru
  9746 | Orc:2    | Found Deqeunis's Book Emporium.
  9789 | Orc:2    | Found Daupreph's Book Boutique.
  9834 | Orc:2    | Found Cullis's Antique Armour Emporium.
  9983 | Orc:2    | Noticed an orc high priest
  9990 | Orc:2    | Killed an orc high priest
 10105 | Orc:2    | Bought an embroidered scarf for 192 gold pieces
 10202 | Lair:1   | Entered Level 1 of the Lair of Beasts
 10208 | Lair:1   | Reached XP level 13. HP: 114/127 MP: 12/18
 10572 | Lair:1   | Reached skill level 13 in Unarmed Combat
 10681 | Lair:1   | Received a gift from Okawaru
 10682 | Lair:1   | Got a dazzling shield {god gift}
 10693 | Lair:1   | Identified the +4 shield "Meikeun" {+Blink MR+ rCorr}
                  | (Okawaru gifted it to you on level 1 of the Lair of Beasts)
 11028 | Lair:2   | Got a pitted arbalest
 11108 | Lair:2   | Reached skill level 1 in Armour
 11146 | Lair:2   | Found a staircase to the Snake Pit.
 11613 | Lair:2   | Identified the +9 arbalest "Ynojim" {penet, rN++ Str+4
                  | Int-3} (You found it on level 2 of the Lair of Beasts)
 11614 | Lair:2   | pretty good
 12079 | Lair:3   | Found a staircase to the Swamp.
 12174 | Lair:3   | Received a gift from Okawaru
 12210 | Lair:3   | Received a gift from Okawaru
 12354 | Lair:3   | Received a gift from Okawaru
 12392 | Lair:3   | Got a fine robe {god gift}
 12457 | Lair:3   | Identified the +0 robe of Fortification {*Contam +Blink
                  | rCorr Dex+2} (Okawaru gifted it to you on level 3 of the
                  | Lair of Beasts)
 12475 | Lair:3   | Gained mutation: You tend to lose your temper in combat.
                  | [mutagenic glow]
 12570 | Lair:3   | Lost mutation: You tend to lose your temper in combat.
                  | [potion of mutation]
 12570 | Lair:3   | Gained mutation: You are partially covered in thin metallic
                  | scales. (AC +2) [potion of mutation]
 12570 | Lair:3   | Gained mutation: You expend magic power (3 MP) to
                  | strengthen your wands. [potion of mutation]
 13174 | Lair:4   | Noticed Nergalle
 13185 | Lair:4   | Killed Nergalle
 13297 | Lair:4   | Reached XP level 14. HP: 105/137 MP: 14/19
 13515 | Lair:4   | Noticed Snorg
 13533 | Lair:4   | Reached skill level 14 in Unarmed Combat
 13541 | Lair:4   | Killed Snorg
 13801 | Lair:4   | Found a runed translucent door.
 13801 | Lair:4   | Noticed Phong's ghost (journeyman OpVM)
 14073 | Lair:4   | Upgraded the game from 0.24-a0-479-g9a978d2894 to
                  | 0.24-a0-486-ged8816983f
 14288 | Lair:5   | Received a gift from Okawaru
 14401 | Lair:5   | Noticed Josephine
 14408 | Lair:5   | Killed Josephine
 14435 | Lair:5   | Noticed Nessos
 14453 | Lair:5   | Killed Nessos
 14886 | Lair:5   | Received a gift from Okawaru
 14909 | Lair:5   | Found a staircase to the Slime Pits.
 15067 | Lair:6   | Entered Level 6 of the Lair of Beasts
 15130 | Lair:6   | Received a gift from Okawaru
 15187 | Lair:6   | Received a gift from Okawaru
 15395 | Lair:6   | Reached skill level 10 in Throwing
 15412 | Lair:6   | Reached skill level 10 in Invocations
 15414 | Lair:6   | Received a gift from Okawaru
 15417 | Lair:6   | Reached skill level 15 in Unarmed Combat
 15686 | Lair:6   | Reached XP level 15. HP: 149/149 MP: 21/21
 15867 | Lair:6   | Found a burning altar of Makhleb.
 15883 | Lair:6   | Reached skill level 5 in Armour
 15907 | Lair:6   | Found a gateway to Hell.
 16285 | Lair:4   | Killed Phong's ghost
 16419 | D:11     | Got a shimmering pewter ring
 16421 | D:11     | Identified the ring of the Hart {Wiz MR- Str+4 Dex+10
                  | Slay-6} (You acquired it on level 11 of the Dungeon)
 16445 | D:11     | Received a gift from Okawaru
 17394 | D:12     | Received a gift from Okawaru
 17427 | D:12     | Found a radiant altar of Vehumet.
 18034 | D:13     | Reached skill level 10 in Fighting
 18699 | D:14     | Found a gate to the Vaults.
 19004 | D:14     | Received a gift from Okawaru
 19192 | D:15     | Entered Level 15 of the Dungeon
 19242 | D:15     | Received a gift from Okawaru
 19288 | D:15     | Found a staircase to the Depths.
 19308 | D:15     | Reached skill level 16 in Unarmed Combat
 19364 | D:15     | Noticed Jorgrun
 19373 | D:15     | Killed Jorgrun
 19373 | D:15     | Received a gift from Okawaru
 20163 | Snake:1  | Entered Level 1 of the Snake Pit
 20400 | Snake:1  | Reached XP level 16. HP: 134/159 MP: 16/22
 20593 | Snake:1  | Received a gift from Okawaru
 20664 | Snake:1  | HP: 7/161 [shock serpent/bolt of electricity (14)]
 20667 | Snake:1  | HP: 1/161 [naga warrior/cursed -3 flail (4)]
 20669 | Snake:1  | Succumbed to a naga warrior's splash of poison

Levels and vault maps discovered:
D:1:      scummos_arrival_simple_fountains, layout_basic
D:2:      layout_basic, lemuel_round_altar, minmay_overflow_temple_hex
D:3:      layout_basic, nicolae_overflow_crystal_walls, serial_glass,
          glass_columns_c, glass_columns_a, patterned_corridor, uniq_natasha
D:4:      layout_basic, yredelemnul_forgotten_temple_becter, first_ration,
          kennysheep_crisscross
D:5:      minmay_spotlight, layout_cave_pods, elyvilon_altar_4,
          lemuel_round_altar, serial_shops, shop, minmay_quadrilaterals
D:6:      layout_loops_cross
D:7:      layout_rooms, minmay_temple_entry_statues_fountains,
          minmay_fire_ice_demons, uniq_duvessa, uniq_crazy_yiuf_cottage
D:8:      cheibrodos_iron_armory, layout_basic, xom_redecorated, serial_shops,
          shop, hangedman_pestilent_swarm
D:9:      minmay_the_grid_square_5x5_4x4 [minmay_the_grid_square_5x5_inner_v,
          minmay_the_grid_square_5x5_beaten_path,
          minmay_the_grid_square_5x5_broken_cross,
          minmay_the_grid_square_5x5_slash,
          minmay_the_grid_square_5x5_tetrominoes,
          minmay_the_grid_square_5x5_prize_snowflake,
          minmay_the_grid_square_5x5_prize_gold,
          minmay_the_grid_square_5x5_tri_point,
          minmay_the_grid_square_5x5_six_small,
          minmay_the_grid_square_5x5_prize_pseudospiral,
          minmay_the_grid_square_5x5_prize_waves,
          minmay_the_grid_square_5x5_half_checkered,
          minmay_the_grid_square_5x5_bracketed, minmay_the_grid_square_5x5_n,
          minmay_the_grid_square_5x5_almost_minimal,
          minmay_the_grid_square_5x5_empty], layout_irregular_city, david_orc_5,
          grunt_ministairs_9
D:10:     layout_long_grid, erik_lair_orcish_takeover
D:11:     layout_loops_ring, abandoned_shop, minmay_misc_feat_nine_boxes,
          minivault_26
D:12:     layout_basic, basic_altar
D:13:     lemuel_flame_loot_2, layout_cave_pools, uniq_urug
D:14:     layout_basic, david_vaults_1
D:15:     hangedman_depths_entry_civil_slaughter, layout_irregular_city,
          minmay_misc_feat_doors, uniq_jorgrun
Lair:1:   layout_loops_ring, lemuel_fruit_fields
Lair:2:   layout_cave_pods, minmay_snake_entry_guardpost_medium
Lair:3:   layout_hall_layers, swamp_mist_pool, grunt_forest_large_clearings
Lair:4:   layout_small_grid, ebering_ghost_reflecting_pool,
          serial_bayou_lagoon_a, beast_lair_carwin_10, grunt_megastairs_5,
          uniq_nergalle, uniq_snorg
Lair:5:   layout_loops_ring, minmay_slime_entry_oklob_enclosed,
          grunt_megastairs_4, uniq_josephine, uniq_nessos
Lair:6:   evil_forest, layout_small_grid
Snake:1:  layout_onion, serial_bayou_lake_a
Orc:1:    layout_caves
Orc:2:    grunt_orc_gardens, layout_diamond_mine, grunt_orc_garden,
          grunt_orc_garden, grunt_orc_garden, grunt_orc_garden, serial_shops,
          shop, shop, nicolae_shop_overgrown_old_shop, shop, mines1_david

Skill      XL: |  1  2  3  4  5  6  7  8  9 10 11 12 13 14 15 |
---------------+----------------------------------------------+-----
Throwing       | 1 2 3 4 5 6 7 8 9 10 11 | 11.2
Unarmed Combat | 3 4 5 7 8 10 11 12 13 15 16 | 16.5
Invocations    | 1 2 3 5 6 7 8 9 10 | 10.2
Shields        | 3 4 5 6 7 8 9 |  9.0
Fighting       | 3 4 5 6 7 8 9 10 | 10.6
Armour         | 2 4 6 |  6.8
Dodging        | |  2.4

Action                   |  1- 3 |  4- 6 |  7- 9 | 10-12 | 13-15 | 16-18 || total
-------------------------+-------+-------+-------+-------+-------+-------++-------
Melee: Unarmed           |    72 |   149 |   369 |   590 |  1082 |    45 ||  2307
Throw: Dart              |     4 |       |     5 |    63 |    23 |       ||    95
       Large rock        |       |       |       |    17 |       |       ||    17
       Javelin           |       |       |       |    19 |    33 |       ||    52
       Boomerang         |       |       |       |    30 |   348 |    20 ||   398
Invok: Heroism           |       |     1 |     3 |    14 |    13 |     1 ||    32
       Finesse           |       |       |       |     3 |     2 |       ||     5
Evoke: Wand              |       |       |       |     6 |    10 |       ||    16
  Use: Scroll            |     6 |     5 |    10 |     6 |    12 |       ||    39
       Potion            |       |       |       |       |     6 |       ||     6
 Stab: Sleeping          |     1 |     4 |     3 |     1 |       |       ||     9
       Confused          |       |       |       |     3 |     6 |       ||     9
  Eat: Chunk             |    11 |    21 |    24 |    37 |    92 |     2 ||   187
       Ration            |     1 |       |       |       |       |       ||     1
Armor: Robe              |    32 |    33 |    86 |    33 |       |       ||   184
       Troll leather arm |       |       |       |    65 |   101 |       ||   166
       Skin              |       |       |       |       |     7 |       ||     7
       Fire dragon scale |       |       |       |       |   107 |     7 ||   114
Dodge: Dodged            |    26 |    61 |   155 |   226 |   306 |     7 ||   781
Block: Shield            |    37 |    63 |   147 |   272 |   716 |    25 ||  1260

Table legend:
 A = Non-vault XP
 B = Vault XP
 C = Vault XP percentage of total XP
 D = Non-vault monster count
 E = Vault monster count
 F = Vault count percentage of total count
                 A         B        C        D         E       F
            +---------+---------+-------+---------+---------+-------
      Total |  106913 |   53852 |  33.5 |     564 |     208 |  26.9
            +---------+---------+-------+---------+---------+-------
        D:1 |      22 |       0 |   0.0 |      12 |       0 |   0.0
        D:2 |      68 |       0 |   0.0 |      12 |       0 |   0.0
        D:3 |     224 |      36 |  13.8 |      37 |       1 |   2.6
        D:4 |      60 |       1 |   1.6 |       4 |       1 |  20.0
        D:5 |     430 |     112 |  20.7 |      19 |       7 |  26.9
        D:6 |      99 |       0 |   0.0 |       7 |       0 |   0.0
        D:7 |    1432 |     313 |  17.9 |      18 |       5 |  21.7
        D:8 |    1253 |    1918 |  60.5 |      36 |       8 |  18.2
        D:9 |    2549 |    5622 |  68.8 |      32 |      52 |  61.9
       D:10 |    2871 |     654 |  18.6 |      21 |       9 |  30.0
       D:11 |    3326 |       0 |   0.0 |      21 |       0 |   0.0
       D:12 |    5612 |       0 |   0.0 |      26 |       0 |   0.0
       D:13 |    4632 |       0 |   0.0 |      26 |       0 |   0.0
       D:14 |    6297 |    1756 |  21.8 |      20 |       3 |  13.0
       D:15 |    6940 |    7642 |  52.4 |      17 |       7 |  29.2
     Lair:1 |    4273 |       0 |   0.0 |      20 |       0 |   0.0
     Lair:2 |    5594 |    1153 |  17.1 |      21 |       7 |  25.0
     Lair:3 |    6775 |    4095 |  37.7 |      26 |      29 |  52.7
     Lair:4 |    4273 |    6419 |  60.0 |      20 |      16 |  44.4
     Lair:5 |    7760 |    5713 |  42.4 |      18 |      12 |  40.0
     Lair:6 |   17252 |    8148 |  32.1 |      40 |      24 |  37.5
    Snake:1 |   15118 |       0 |   0.0 |      30 |       0 |   0.0
      Orc:1 |    6512 |     137 |   2.1 |      42 |       1 |   2.3
      Orc:2 |    3541 |   10133 |  74.1 |      39 |      26 |  40.0
            +---------+---------+-------+---------+---------+-------
